BSA
SPRINGFIELD STARS @ KANSAS CITY KINGS
10/15/2028
 
TOP OF THE 1ST
Springfield Stars batting - Pitching for Kansas City Kings : RHP Ron Young
Pitching: RHP Ron Young
Batting: RHB Juan Rodríguez 0-0: Called Strike
0-1: Foul Ball, location: 2F
0-2: Ball
1-2: Strikes out swinging
Batting: RHB Norberto Taváres 0-0: Foul Ball, location: 2F
0-1: Ball
1-1: Foul Ball, location: 2F
1-2: Foul Ball, location: 2F
1-2: Foul Ball, location: 2F
1-2: Ball
2-2: Ball
3-2: Ground out 6-3 (Groundball, 56)
Batting: SHB Shane Hutchinson 0-0: Ball
1-0: Foul Ball, location: 2F
1-1: Ball
2-1: DOUBLE (Line Drive, 9LD)
Batting: LHB Felipe Guerrero 0-0: Foul Ball, location: 2F
0-1: Ball
1-1: Ball
2-1: Foul Ball, location: 2F
2-2: Ball
3-2: Ground out 5-3 (Groundball, 5S)
Top of the 1st over - 0 run(s), 1 hit(s), 0 error(s), 1 left on base; Springfield 0 - Kansas City 0
BOTTOM OF THE 1ST
Kansas City Kings batting - Pitching for Springfield Stars : LHP Brock Morris
Pitching: LHP Brock Morris
Batting: RHB Chris Chandler 0-0: Foul Ball, location: 2F
0-1: Fly out, F6 (Popup, 6D)
Batting: SHB Douglas Taylor 0-0: Swinging Strike
0-1: Foul Ball, location: 2F
0-2: Ball
1-2: Ball
2-2: Foul Ball, location: 2F
2-2: Ball
3-2: Foul Ball, location: 2F
3-2: Foul Ball, location: 2F
3-2: Strikes out looking
Batting: RHB Toshimichi Kono 0-0: Called Strike
0-1: Foul Ball, location: 2F
0-2: Fly out, F7 (Flyball, 7)
Bottom of the 1st over - 0 run(s), 0 hit(s), 0 error(s), 0 left on base; Springfield 0 - Kansas City 0
TOP OF THE 2ND
Springfield Stars batting - Pitching for Kansas City Kings : RHP Ron Young
Batting: LHB Elliott Newell 0-0: Ball
1-0: Foul Ball, location: 2F
1-1: Foul Ball, location: 2F
1-2: Strikes out swinging
Batting: LHB Jesús Tobías 0-0: Foul Ball, location: 2F
0-1: Called Strike
0-2: Ball
1-2: Foul Ball, location: 2F
1-2: Ball
2-2: Ball
3-2: Fly out, F9 (Line Drive, 9D)
Batting: RHB Calvin Bennett 0-0: Called Strike
0-1: Swinging Strike
0-2: Ball
1-2: Strikes out swinging
Top of the 2nd over - 0 run(s), 0 hit(s), 0 error(s), 0 left on base; Springfield 0 - Kansas City 0
BOTTOM OF THE 2ND
Kansas City Kings batting - Pitching for Springfield Stars : LHP Brock Morris
Batting: SHB António De La Cruz 0-0: Called Strike
0-1: Called Strike
0-2: Ball
1-2: DOUBLE (Line Drive, 78D)
Pitching: RHP Jorge Delgado
Batting: RHB Dave Parker 0-0: Ball
1-0: Foul Ball, location: 2F
1-1: Foul Ball, location: 2F
1-2: Ball
2-2: Fly out, F9 (Flyball, 9LMF)
Batting: RHB Oliver Lugo 0-0: Ball
1-0: Called Strike
1-1: Swinging Strike
1-2: Strikes out swinging
Batting: RHB Cy Keynes 0-0: Ball
1-0: Ground out U3 (Groundball, 34S)
Bottom of the 2nd over - 0 run(s), 1 hit(s), 0 error(s), 1 left on base; Springfield 0 - Kansas City 0
TOP OF THE 3RD
Springfield Stars batting - Pitching for Kansas City Kings : RHP Ron Young
Batting: LHB Ryan Drake 0-0: Called Strike
0-1: Foul Ball, location: 2F
0-2: Strikes out swinging
Batting: RHB Juan Carlos Rodríguez 0-0: Ball
1-0: Fly out, F5 (Line Drive, 56)
Batting: RHB Juan Rodríguez 0-0: Ball
1-0: Swinging Strike
1-1: Ball
2-1: Ball
3-1: Ground out 1-3 (Groundball, 15)
Top of the 3rd over - 0 run(s), 0 hit(s), 0 error(s), 0 left on base; Springfield 0 - Kansas City 0
BOTTOM OF THE 3RD
Kansas City Kings batting - Pitching for Springfield Stars : RHP Jorge Delgado
Batting: LHB Luis González 0-0: Called Strike
0-1: Called Strike
0-2: Ball
1-2: Ball
2-2: Ground out U3 (Groundball, 34)
Batting: LHB Ron Crawford 0-0: Ground out U3 (Groundball, 3L)
Batting: RHB Chris Chandler 0-0: Foul Ball, location: 2F
0-1: Foul Ball, location: 2F
0-2: Ball
1-2: Ball
2-2: Ground out 5-3 (Groundball, 56)
Bottom of the 3rd over - 0 run(s), 0 hit(s), 0 error(s), 0 left on base; Springfield 0 - Kansas City 0
TOP OF THE 4TH
Springfield Stars batting - Pitching for Kansas City Kings : RHP Ron Young
Batting: RHB Norberto Taváres 0-0: Ball
1-0: Swinging Strike
1-1: Foul Ball, location: 2F
1-2: Ball
2-2: Foul Ball, location: 2F
2-2: Foul Ball, location: 2F
2-2: Ground out 6-3 (Groundball, 56)
Batting: SHB Shane Hutchinson 0-0: Called Strike
0-1: Ball
1-1: Ball
2-1: Called Strike
2-2: Ball
3-2: Base on Balls
Batting: LHB Felipe Guerrero 0-0: Ball
1-0: Called Strike
1-1: Called Strike
1-2: Ball
2-2: Foul Ball, location: 2F
2-2: Strikes out looking
Batting: LHB Elliott Newell 0-0: Ball
1-0: Foul Ball, location: 2F
1-1: Foul Ball, location: 2F
1-2: Ball
2-2: Foul Ball, location: 2F
2-2: Foul Ball, location: 2F
2-2: Ball
Shane Hutchinson is caught stealing 2nd base
Top of the 4th over - 0 run(s), 0 hit(s), 0 error(s), 0 left on base; Springfield 0 - Kansas City 0
BOTTOM OF THE 4TH
Kansas City Kings batting - Pitching for Springfield Stars : RHP Jorge Delgado
Pitching: RHP Hyo-chin Ch'oe
Batting: SHB Douglas Taylor 0-0: Ball
1-0: Called Strike
1-1: Ball
2-1: SOLO HOME RUN (Flyball, 9LD), Distance : 367 ft
Batting: RHB Toshimichi Kono 0-0: Ball
1-0: Foul Ball, location: 2F
1-1: Called Strike
1-2: Fly out, F7 (Flyball, 78S)
Batting: SHB António De La Cruz 0-0: Called Strike
0-1: Ball
1-1: Foul Ball, location: 2F
1-2: Fly out, F8 (Flyball, 8RD)
Batting: RHB Dave Parker 0-0: Called Strike
0-1: Swinging Strike
0-2: DOUBLE (Groundball, 5L)
Batting: RHB Oliver Lugo 0-0: Fly out, F9 (Flyball, 9LM)
Bottom of the 4th over - 1 run(s), 2 hit(s), 0 error(s), 1 left on base; Springfield 0 - Kansas City 1
TOP OF THE 5TH
Springfield Stars batting - Pitching for Kansas City Kings : RHP Ron Young
Batting: LHB Elliott Newell 0-0: Ball
1-0: DOUBLE (Flyball, 8LXD)
Batting: LHB Jesús Tobías 0-0: Ball
1-0: Swinging Strike
1-1: Ball
2-1: Ball
3-1: Called Strike
3-2: Ground out 3-1 (Groundball, 34)
Elliott Newell to third
Batting: RHB Calvin Bennett 0-0: Ball
1-0: Ball
2-0: Foul Ball, location: 2F
2-1: Foul Ball, location: 2F
2-2: Fly out, F9 (Flyball, 89M)
Runner from 3rd tags up, SCORES, throw made
Batting: LHB Ryan Drake 0-0: Foul Ball, location: 2F
0-1: Called Strike
0-2: Strikes out swinging
Top of the 5th over - 1 run(s), 1 hit(s), 0 error(s), 0 left on base; Springfield 1 - Kansas City 1
BOTTOM OF THE 5TH
Kansas City Kings batting - Pitching for Springfield Stars : RHP Hyo-chin Ch'oe
Batting: RHB Cy Keynes 0-0: Ball
1-0: Swinging Strike
1-1: Swinging Strike
1-2: Foul Ball, location: 2F
1-2: Ball
2-2: Ball
3-2: Ground out 6-3 (Groundball, 6M)
Batting: LHB Luis González 0-0: Foul Ball, location: 2F
0-1: Swinging Strike
0-2: Foul Ball, location: 2F
0-2: Foul Ball, location: 2F
0-2: Foul Ball, location: 2F
0-2: Foul Ball, location: 2F
0-2: Ground out 4-3 (Groundball, 34)
Batting: LHB Ron Crawford 0-0: Ball
1-0: Foul Ball, location: 2F
1-1: Ball
2-1: Foul Ball, location: 2F
2-2: Strikes out looking
Bottom of the 5th over - 0 run(s), 0 hit(s), 0 error(s), 0 left on base; Springfield 1 - Kansas City 1
TOP OF THE 6TH
Springfield Stars batting - Pitching for Kansas City Kings : RHP Ron Young
Pitching: RHP Ray Watkins
Batting: RHB Juan Carlos Rodríguez 0-0: Ball
1-0: SINGLE (Line Drive, 56D)
Batting: RHB Juan Rodríguez 0-0: Ball
1-0: Called Strike
1-1: Called Strike
1-2: Ball
2-2: Ball
3-2: Base on Balls
Juan Carlos Rodríguez to second
Batting: RHB Norberto Taváres 0-0: Called Strike
0-1: Ball
1-1: Swinging Strike
1-2: Ball
2-2: Ball
3-2: Base on Balls
Juan Carlos Rodríguez to third
Juan Rodríguez to second
Batting: SHB Shane Hutchinson 0-0: Foul Ball, location: 2F
0-1: Foul Ball, location: 2F
0-2: Strikes out swinging
Batting: LHB Felipe Guerrero 0-0: Ball
1-0: Called Strike
1-1: Called Strike
1-2: Foul Ball, location: 2F
1-2: Ball
2-2: Ball
3-2: Base on Balls
Juan Carlos Rodríguez scores
Juan Rodríguez to third
Norberto Taváres to second
Batting: LHB Elliott Newell 0-0: Ball
1-0: Swinging Strike
1-1: Called Strike
1-2: Foul Ball, location: 2F
1-2: Ball
2-2: Foul Ball, location: 2F
2-2: Ball
3-2: Base on Balls
Juan Rodríguez scores
Norberto Taváres to third
Felipe Guerrero to second
Pitching: RHP Nariaki Tanaka
Batting: LHB Jesús Tobías 0-0: Ball
1-0: Ball
2-0: Called Strike
2-1: Called Strike
2-2: Grounds into fielders choice 4-2 (Groundball, 34)
Felipe Guerrero to third
Elliott Newell to second
Batting: RHB Calvin Bennett 0-0: Ball
1-0: Swinging Strike
1-1: Ball
2-1: Ball
3-1: Foul Ball, location: 2F
3-2: Base on Balls
Felipe Guerrero scores
Elliott Newell to third
Jesús Tobías to second
Batting: LHB Ryan Drake 0-0: Ball
1-0: Ball
2-0: Foul Ball, location: 2F
2-1: Ground out 5-3 (Groundball, 25)
Top of the 6th over - 3 run(s), 1 hit(s), 0 error(s), 3 left on base; Springfield 4 - Kansas City 1
BOTTOM OF THE 6TH
Kansas City Kings batting - Pitching for Springfield Stars : RHP Hyo-chin Ch'oe
Batting: RHB Chris Chandler 0-0: Fly out, F9 (Flyball, 9S)
Batting: SHB Douglas Taylor 0-0: Called Strike
0-1: Ball
1-1: Ball
2-1: Ball
3-1: SINGLE (Groundball, 4) (infield hit)
Batting: RHB Toshimichi Kono 0-0: Called Strike
0-1: Fly out, F7 (Flyball, 78S)
Batting: SHB António De La Cruz 0-0: Ball
1-0: Foul Ball, location: 2F
1-1: Ball
2-1: Ball
3-1: Called Strike
3-2: Foul Ball, location: 2F
3-2: Strikes out swinging
Bottom of the 6th over - 0 run(s), 1 hit(s), 0 error(s), 1 left on base; Springfield 4 - Kansas City 1
TOP OF THE 7TH
Springfield Stars batting - Pitching for Kansas City Kings : RHP Nariaki Tanaka
Batting: RHB Juan Carlos Rodríguez 0-0: Called Strike
0-1: Called Strike
0-2: Ball
1-2: Ball
2-2: Strikes out looking
Batting: RHB Juan Rodríguez 0-0: Ground out 5-3 (Groundball, 5)
Batting: RHB Norberto Taváres 0-0: Ball
1-0: Ball
2-0: Ball
3-0: Base on Balls
Batting: SHB Shane Hutchinson 0-0: Ball
Norberto Taváres steals 2nd base
1-0: Ball
2-0: Ball
3-0: Called Strike
3-1: Foul Ball, location: 2F
3-2: Foul Ball, location: 2F
3-2: Strikes out swinging
Top of the 7th over - 0 run(s), 0 hit(s), 0 error(s), 1 left on base; Springfield 4 - Kansas City 1
BOTTOM OF THE 7TH
Kansas City Kings batting - Pitching for Springfield Stars : RHP Hyo-chin Ch'oe
Batting: RHB Dave Parker 0-0: Ball
1-0: Ball
2-0: Ball
3-0: Called Strike
3-1: Base on Balls
Pitching: LHP Shan Liu
Batting: RHB Oliver Lugo 0-0: Called Strike
0-1: Ball
1-1: Ball
2-1: Foul Ball, location: 2F
2-2: Strikes out swinging
Batting: RHB Cy Keynes 0-0: Ball
1-0: Ball
2-0: Ball
Passed Ball!
Dave Parker to second
3-0: Called Strike
3-1: Base on Balls
Batting: LHB Luis González 0-0: Ball
1-0: Foul Ball, location: 2F
1-1: Swinging Strike
1-2: Ball
2-2: Strikes out looking
Pitching: RHP Luis Cortéz
Batting: LHB Ron Crawford 0-0: Called Strike
0-1: Called Strike
0-2: Foul Ball, location: 2F
0-2: Ball
1-2: Strikes out swinging
Bottom of the 7th over - 0 run(s), 0 hit(s), 0 error(s), 2 left on base; Springfield 4 - Kansas City 1
TOP OF THE 8TH
Springfield Stars batting - Pitching for Kansas City Kings : RHP Nariaki Tanaka
Batting: LHB Felipe Guerrero 0-0: Foul Ball, location: 2F
0-1: Swinging Strike
0-2: Strikes out swinging
Batting: LHB Elliott Newell 0-0: Foul Ball, location: 2F
0-1: Ball
1-1: Foul Ball, location: 2F
1-2: Strikes out looking
Pitching: LHP Manuel Parra
Batting: LHB Jesús Tobías 0-0: Ball
1-0: Ball
2-0: Fly out, F4 (Popup, 34)
Top of the 8th over - 0 run(s), 0 hit(s), 0 error(s), 0 left on base; Springfield 4 - Kansas City 1
BOTTOM OF THE 8TH
Kansas City Kings batting - Pitching for Springfield Stars : RHP Luis Cortéz
Batting: RHB Chris Chandler 0-0: Ball
1-0: Called Strike
1-1: Foul Ball, location: 2F
1-2: Ball
2-2: SOLO HOME RUN (Line Drive, 7LD), Distance : 368 ft
Batting: SHB Douglas Taylor 0-0: Foul Ball, location: 2F
0-1: Ball
1-1: Ball
2-1: Swinging Strike
2-2: SINGLE (Groundball, 56D)
Batting: RHB Toshimichi Kono 0-0: Called Strike
0-1: Ball
1-1: Ball
2-1: Reached on error, E5 (Groundball, 56)
Douglas Taylor to second
Batting: SHB António De La Cruz 0-0: Ball
1-0: Foul Ball, location: 2F
1-1: Called Strike
1-2: Foul Ball, location: 2F
1-2: SINGLE (Line Drive, 4MD)
Douglas Taylor to third
Toshimichi Kono to second
Runner from 3rd tries for Home, SAFE, no throw
Pinch Runner at 2nd Eric Fuller:
Pinch Hitting: LHB Brian Boone 0-0: Ball
1-0: Called Strike
1-1: DOUBLE (Line Drive, 9LD)
Eric Fuller scores
António De La Cruz to third
Pitching: LHP Jorge Aybar
Batting: RHB Oliver Lugo 0-0: Ball
1-0: Foul Ball, location: 2F
1-1: Foul Ball, location: 2F
1-2: Foul Ball, location: 2F
1-2: Ball
2-2: SINGLE (Groundball, 15S) (infield hit)
Batting: RHB Cy Keynes 0-0: Swinging Strike
0-1: Swinging Strike
0-2: Ball
1-2: Foul Ball, location: 2F
1-2: Strikes out swinging
Pinch Hitting: RHB Ronald Parsons 0-0: Called Strike
0-1: Called Strike
0-2: Strikes out swinging
Batting: LHB Ron Crawford 0-0: Ball
1-0: Foul Ball, location: 2F
1-1: Swinging Strike
1-2: Fly out, F7 (Line Drive, 7)
Bottom of the 8th over - 3 run(s), 5 hit(s), 1 error(s), 3 left on base; Springfield 4 - Kansas City 4
TOP OF THE 9TH
Springfield Stars batting - Pitching for Kansas City Kings : LHP Manuel Parra
Pitching: RHP Alberto Bonilla
Now at 3B: John Miller
Now at SS: Ronald Parsons
Batting: RHB Calvin Bennett 0-0: Ball
1-0: Called Strike
1-1: Foul Ball, location: 2F
1-2: DOUBLE (Line Drive, 3D)
Batting: LHB Ryan Drake 0-0: Ball
1-0: Called Strike
1-1: Ball
2-1: Foul Ball, location: 2F
2-2: SINGLE (Groundball, 4MD)
Calvin Bennett to third
Runner from 3rd tries for Home, SAFE, no throw
Batting: RHB Juan Carlos Rodríguez 0-0: Grounds into double play, 6-4-3 (Groundball, 6)
Batting: RHB Juan Rodríguez 0-0: Ball
1-0: Swinging Strike
1-1: Ball
2-1: Ground out 5-3 (Groundball, 56S)
Top of the 9th over - 1 run(s), 2 hit(s), 0 error(s), 0 left on base; Springfield 5 - Kansas City 4
BOTTOM OF THE 9TH
Kansas City Kings batting - Pitching for Springfield Stars : LHP Jorge Aybar
Pitching: LHP John Livingston
Now at C: Rick Ayliffe
Batting: RHB Chris Chandler 0-0: Called Strike
0-1: SOLO HOME RUN (Flyball, 7D), Distance : 357 ft
Batting: SHB Douglas Taylor 0-0: Called Strike
0-1: Ball
1-1: Called Strike
1-2: Ball
2-2: Ball
3-2: Foul Ball, location: 2F
3-2: Base on Balls
Batting: RHB Eric Fuller 0-0: Ball
1-0: Called Strike
1-1: Ball
2-1: 2-RUN HOME RUN (Flyball, 9D), Distance : 372 ft
Tuesday, August 8th, 2017 - OOTP Baseball 17.12 Build 75